HSSL
BUTLER HS GOLDEN TORNADO @ SANTA FE HS CHIEFS
04/10/2030
 
TOP OF THE 1ST
Butler HS Golden Tornado batting - Pitching for Santa Fe HS Chiefs : RHP Ken Snyder
Pitching: RHP Ken Snyder
Batting: LHB Chris Powell 0-0: Foul Ball, location: 2F
0-1: Foul Ball, location: 2F
0-2: Ball
1-2: SOLO HOME RUN (Flyball, 8RXD), Distance : 449 ft
Batting: RHB Luis Mota 0-0: Called Strike
0-1: Ball
1-1: Foul Ball, location: 2F
1-2: Ball
2-2: Ball
3-2: Base on Balls
Batting: LHB Francisco Sousa 0-0: Ball
1-0: Ball
2-0: Called Strike
2-1: SINGLE (Line Drive, 6D)
Luis Mota to second
Batting: RHB Blake Carpenter 0-0: Called Strike
0-1: Ball
1-1: SINGLE (Line Drive, 56)
Luis Mota to third
Francisco Sousa to second
Batting: RHB Gary Estes 0-0: Ball
1-0: Called Strike
1-1: Called Strike
1-2: Strikes out looking
Batting: LHB Arturo Ruíz 0-0: Called Strike
0-1: Ball
1-1: Foul Ball, location: 2F
1-2: Foul Ball, location: 2F
1-2: Strikes out swinging
Batting: RHB Miguel Gómes 0-0: Called Strike
0-1: Ball
1-1: Ball
2-1: Called Strike
2-2: Ball
3-2: Base on Balls
Luis Mota scores
Francisco Sousa to third
Blake Carpenter to second
Batting: RHB Nick Washington 0-0: Ball
1-0: Ball
2-0: Called Strike
2-1: Swinging Strike
2-2: Foul Ball, location: 2F
2-2: Foul Ball, location: 2F
2-2: Ball
3-2: Foul Ball, location: 2F
3-2: Ground out 4-3 (Groundball, 34D)
Top of the 1st over - 2 runs, 3 hits, 0 errors, 3 left on base; Butler HS 2 - Santa Fe HS 0
BOTTOM OF THE 1ST
Santa Fe HS Chiefs batting - Pitching for Butler HS Golden Tornado : LHP Michael Carroll
Pitching: LHP Michael Carroll
Batting: RHB Chris Ledoux 0-0: Swinging Strike
0-1: Foul Ball, location: 2F
0-2: Ball
1-2: Ball
2-2: Foul Ball, location: 2F
2-2: Foul Ball, location: 2F
2-2: Ball
3-2: Foul Ball, location: 2F
3-2: Foul Ball, location: 2F
3-2: SINGLE (Line Drive, 7LS)
Batting: RHB Juan Bannatyne 0-0: Called Strike
0-1: Ground out 5-3 (Groundball, 56S)
Chris Ledoux to second
Batting: SHB Victor Gaines 0-0: Called Strike
0-1: Ball
1-1: Foul Ball, location: 2F
1-2: Foul Ball, location: 2F
1-2: Foul Ball, location: 2F
1-2: Ball
2-2: Ball
3-2: Foul Ball, location: 2F
3-2: Foul Ball, location: 2F
3-2: Foul Ball, location: 2F
3-2: Base on Balls
Batting: RHB Anthony Scott 0-0: Ball
1-0: Ball
2-0: Ball
3-0: Called Strike
3-1: Called Strike
3-2: SINGLE (Groundball, 34D)
Chris Ledoux to third
Victor Gaines to second
Chris Ledoux scores
Victor Gaines to third
Batting: RHB Dave Cooke 0-0: Foul Ball, location: 2F
0-1: Ball
1-1: Swinging Strike
1-2: Foul Ball, location: 2F
1-2: Ball
2-2: Foul Ball, location: 2F
2-2: Foul Ball, location: 2F
2-2: Foul Ball, location: 2F
2-2: Foul Ball, location: 2F
2-2: Ball
3-2: Fly out, F3 (Popup, 34S)
Batting: RHB Ken Walters 0-0: Swinging Strike
0-1: Ball
1-1: Ball
2-1: Ball
3-1: Foul Ball, location: 2F
3-2: Base on Balls
Anthony Scott to second
Batting: RHB Stanley Austin 0-0: DOUBLE (Line Drive, 7LM)
Victor Gaines scores
Anthony Scott scores
Ken Walters to third
Batting: SHB Greg Ayers 0-0: Ball
1-0: Ball
2-0: DOUBLE (Line Drive, 7LM)
Ken Walters scores
Stanley Austin scores
Batting: RHB George Hill 0-0: Ball
1-0: Called Strike
1-1: Ball
2-1: Called Strike
2-2: Ball
Wild Pitch!
Greg Ayers to third
3-2: Strikes out swinging
Bottom of the 1st over - 5 runs, 4 hits, 0 errors, 1 left on base; Butler HS 2 - Santa Fe HS 5
TOP OF THE 2ND
Butler HS Golden Tornado batting - Pitching for Santa Fe HS Chiefs : RHP Ken Snyder
Batting: RHB Michael Edmonds 0-0: Hit by Pitch
Batting: LHB Chris Powell 0-0: Ball
1-0: Called Strike
1-1: Fly out, F7 (Flyball, 7LMF)
Batting: RHB Luis Mota 0-0: Ball
1-0: Ball
Michael Edmonds is caught stealing 2nd base
2-0: Called Strike
2-1: Foul Ball, location: 2F
2-2: Strikes out swinging
Top of the 2nd over - 0 runs, 0 hits, 0 errors, 0 left on base; Butler HS 2 - Santa Fe HS 5
BOTTOM OF THE 2ND
Santa Fe HS Chiefs batting - Pitching for Butler HS Golden Tornado : LHP Michael Carroll
Batting: RHB Chris Ledoux 0-0: Foul Ball, location: 2F
0-1: Ball
1-1: Fly out, F7 (Flyball, 78S)
Batting: RHB Juan Bannatyne 0-0: Called Strike
0-1: Foul Ball, location: 2F
0-2: Strikes out swinging
Batting: SHB Victor Gaines 0-0: Ball
1-0: Ball
2-0: Ball
3-0: Base on Balls
Batting: RHB Anthony Scott 0-0: Called Strike
0-1: Fly out, F8 (Flyball, 8RD)
Bottom of the 2nd over - 0 runs, 0 hits, 0 errors, 1 left on base; Butler HS 2 - Santa Fe HS 5
TOP OF THE 3RD
Butler HS Golden Tornado batting - Pitching for Santa Fe HS Chiefs : RHP Ken Snyder
Batting: LHB Francisco Sousa 0-0: Ball
1-0: Ball
2-0: SINGLE (Line Drive, 7LS)
Batting: RHB Blake Carpenter 0-0: Swinging Strike
0-1: Ball
1-1: Foul Ball, location: 2F
1-2: Grounds into double play, 5-4-3 (Groundball, 56)
Batting: RHB Gary Estes 0-0: Called Strike
0-1: Ball
1-1: Ground out 6-3 (Groundball, 6M)
Top of the 3rd over - 0 runs, 1 hit, 0 errors, 0 left on base; Butler HS 2 - Santa Fe HS 5
BOTTOM OF THE 3RD
Santa Fe HS Chiefs batting - Pitching for Butler HS Golden Tornado : LHP Michael Carroll
Batting: RHB Dave Cooke 0-0: Called Strike
0-1: Ball
1-1: Called Strike
1-2: Foul Ball, location: 2F
1-2: Ball
2-2: Ball
3-2: Base on Balls
Batting: RHB Ken Walters 0-0: Foul Ball, location: 2F
0-1: Ball
1-1: Called Strike
1-2: Strikes out swinging
Batting: RHB Stanley Austin 0-0: Called Strike
0-1: Ball
1-1: Called Strike
1-2: Grounds into double play, 6-4-3 (Groundball, 6)
Bottom of the 3rd over - 0 runs, 0 hits, 0 errors, 0 left on base; Butler HS 2 - Santa Fe HS 5
TOP OF THE 4TH
Butler HS Golden Tornado batting - Pitching for Santa Fe HS Chiefs : RHP Ken Snyder
Batting: LHB Arturo Ruíz 0-0: Ball
1-0: Swinging Strike
1-1: Called Strike
1-2: Strikes out looking
Batting: RHB Miguel Gómes 0-0: Ball
1-0: DOUBLE (Line Drive, 9LD)
Batting: RHB Nick Washington 0-0: Swinging Strike
0-1: Foul Ball, location: 2F
0-2: Strikes out swinging
Batting: RHB Michael Edmonds 0-0: Called Strike
0-1: Ball
1-1: Ground out 6-3 (Groundball, 6)
Top of the 4th over - 0 runs, 1 hit, 0 errors, 1 left on base; Butler HS 2 - Santa Fe HS 5
BOTTOM OF THE 4TH
Santa Fe HS Chiefs batting - Pitching for Butler HS Golden Tornado : LHP Michael Carroll
Pitching: RHP Mark Clark
Batting: SHB Greg Ayers 0-0: Swinging Strike
0-1: Foul Ball, location: 2F
0-2: Ball
1-2: Strikes out swinging
Batting: RHB George Hill 0-0: Ball
1-0: SINGLE (Groundball, 6) (infield hit)
Batting: RHB Chris Ledoux 0-0: Called Strike
0-1: Foul Ball, location: 2F
0-2: Fly out, F9 (Flyball, 9S)
Batting: RHB Juan Bannatyne 0-0: DOUBLE (Flyball, 8RD)
George Hill to third
Batting: SHB Victor Gaines 0-0: Ball
1-0: Fly out, F6 (Line Drive, 56)
Bottom of the 4th over - 0 runs, 2 hits, 0 errors, 2 left on base; Butler HS 2 - Santa Fe HS 5
TOP OF THE 5TH
Butler HS Golden Tornado batting - Pitching for Santa Fe HS Chiefs : RHP Ken Snyder
Batting: LHB Chris Powell 0-0: SINGLE (Groundball, 4D)
Batting: RHB Luis Mota 0-0: Ball
1-0: Called Strike
1-1: Called Strike
1-2: Ball
2-2: Strikes out swinging
Batting: LHB Francisco Sousa 0-0: Called Strike
0-1: Ball
1-1: Foul Ball, location: 2F
1-2: Foul Ball, location: 2F
1-2: Ball
2-2: Fielders Choice at 2nd, 4-6 (Groundball, 4)
Pitching: RHP Cris Soto
Batting: RHB Blake Carpenter 0-0: Ball
1-0: Foul Ball, location: 2F
1-1: Called Strike
1-2: Foul Ball, location: 2F
1-2: Ball
2-2: Foul Ball, location: 2F
2-2: Fly out, F8 (Line Drive, 8RD)
Top of the 5th over - 0 runs, 1 hit, 0 errors, 1 left on base; Butler HS 2 - Santa Fe HS 5
BOTTOM OF THE 5TH
Santa Fe HS Chiefs batting - Pitching for Butler HS Golden Tornado : RHP Mark Clark
Batting: RHB Anthony Scott 0-0: Ball
1-0: Foul Ball, location: 2F
1-1: Ball
2-1: Foul Ball, location: 2F
2-2: Ball
3-2: SINGLE (Groundball, 6MD)
Batting: RHB Dave Cooke 0-0: Called Strike
0-1: Ball
1-1: Called Strike
1-2: Strikes out swinging
Batting: RHB Ken Walters 0-0: Grounds into double play, 4-6-3 (Groundball, 4)
Bottom of the 5th over - 0 runs, 1 hit, 0 errors, 0 left on base; Butler HS 2 - Santa Fe HS 5
TOP OF THE 6TH
Butler HS Golden Tornado batting - Pitching for Santa Fe HS Chiefs : RHP Cris Soto
Batting: RHB Gary Estes 0-0: Ball
1-0: Called Strike
1-1: Ball
2-1: Ball
3-1: Ground out 1-3 (Groundball, 13S)
Batting: LHB Arturo Ruíz 0-0: Called Strike
0-1: Ball
1-1: Swinging Strike
1-2: Foul Ball, location: 2F
1-2: Strikes out swinging
Batting: RHB Miguel Gómes 0-0: Ball
1-0: Ball
2-0: Foul Ball, location: 2F
2-1: Ball
3-1: Foul Ball, location: 2F
3-2: Base on Balls
Batting: RHB Nick Washington 0-0: Ball
1-0: Ball
2-0: Ball
3-0: Called Strike
3-1: Fielders Choice at 2nd, 6-4 (Groundball, 6)
Top of the 6th over - 0 runs, 0 hits, 0 errors, 1 left on base; Butler HS 2 - Santa Fe HS 5
BOTTOM OF THE 6TH
Santa Fe HS Chiefs batting - Pitching for Butler HS Golden Tornado : RHP Mark Clark
Batting: RHB Stanley Austin 0-0: Ball
1-0: Ball
2-0: Ball
3-0: Called Strike
3-1: Hit by Pitch
Batting: SHB Greg Ayers 0-0: Ball
1-0: Foul Ball, location: 2F
1-1: Grounds into double play, 6-4-3 (Groundball, 6)
Batting: RHB George Hill 0-0: Fly out, F8 (Line Drive, 8RS)
Bottom of the 6th over - 0 runs, 0 hits, 0 errors, 0 left on base; Butler HS 2 - Santa Fe HS 5
TOP OF THE 7TH
Butler HS Golden Tornado batting - Pitching for Santa Fe HS Chiefs : RHP Cris Soto
Batting: RHB Michael Edmonds 0-0: Ground out U3 (Groundball, 3)
Batting: LHB Chris Powell 0-0: Ball
1-0: Ball
2-0: Called Strike
2-1: Ball
3-1: Called Strike
3-2: Strikes out swinging
Batting: RHB Luis Mota 0-0: Fly out, F7 (Flyball, 78S)
Top of the 7th over - 0 runs, 0 hits, 0 errors, 0 left on base; Butler HS 2 - Santa Fe HS 5
BOTTOM OF THE 7TH
Santa Fe HS Chiefs batting - Pitching for Butler HS Golden Tornado : RHP Mark Clark
Batting: RHB Chris Ledoux 0-0: Ball
1-0: Ball
2-0: Fly out, F8 (Line Drive, 8RM)
Batting: RHB Juan Bannatyne 0-0: Ball
1-0: Ball
2-0: Called Strike
2-1: Ball
3-1: Foul Ball, location: 2F
3-2: Base on Balls
Batting: SHB Victor Gaines 0-0: Grounds into double play, 4-6-3 (Groundball, 4)
Bottom of the 7th over - 0 runs, 0 hits, 0 errors, 0 left on base; Butler HS 2 - Santa Fe HS 5
TOP OF THE 8TH
Butler HS Golden Tornado batting - Pitching for Santa Fe HS Chiefs : RHP Cris Soto
Batting: LHB Francisco Sousa 0-0: Called Strike
0-1: Ball
1-1: Ground out 6-3 (Groundball, 6)
Batting: RHB Blake Carpenter 0-0: Ball
1-0: Ball
2-0: Called Strike
2-1: Ball
3-1: Base on Balls
Batting: RHB Gary Estes 0-0: Ball
1-0: Ball
2-0: Called Strike
2-1: DOUBLE (Line Drive, 7LM)
Blake Carpenter to third
Pitching: RHP Jay Johnson
Batting: LHB Arturo Ruíz 0-0: Called Strike
0-1: SINGLE (Groundball, 4MD)
Blake Carpenter scores
Gary Estes to third
Runner from 3rd tries for Home, SAFE, no throw
Batting: RHB Miguel Gómes 0-0: Ball
1-0: Ball
2-0: Ball
3-0: Base on Balls
Arturo Ruíz to second
Batting: RHB Nick Washington 0-0: Ball
1-0: Ball
2-0: Ball
3-0: Called Strike
3-1: Base on Balls
Arturo Ruíz to third
Miguel Gómes to second
Pinch Hitting: SHB Víctor Ortíz 0-0: Ball
1-0: Foul Ball, location: 2F
1-1: Called Strike
1-2: Ball
2-2: Strikes out swinging
Batting: LHB Chris Powell 0-0: Ball
1-0: Ball
2-0: Called Strike
2-1: Ball
3-1: Foul Ball, location: 2F
3-2: Foul Ball, location: 2F
3-2: Foul Ball, location: 2F
3-2: Ground out 4-3 (Groundball, 34)
Top of the 8th over - 2 runs, 2 hits, 0 errors, 3 left on base; Butler HS 4 - Santa Fe HS 5
BOTTOM OF THE 8TH
Santa Fe HS Chiefs batting - Pitching for Butler HS Golden Tornado : RHP Mark Clark
Now at 2B: Ernie Saunders
Batting: RHB Anthony Scott 0-0: Fly out, F8 (Flyball, 78XD)
Batting: RHB Dave Cooke 0-0: Ball
1-0: Ball
2-0: Ball
3-0: Called Strike
3-1: Called Strike
3-2: Foul Ball, location: 2F
3-2: Foul Ball, location: 2F
3-2: Foul Ball, location: 2F
3-2: Base on Balls
Batting: RHB Ken Walters 0-0: Called Strike
0-1: Ball
Wild Pitch!
Dave Cooke to second
1-1: Ball
2-1: Ground out 5-3 (Groundball, 5L)
Batting: RHB Stanley Austin 0-0: Ball
1-0: Foul Ball, location: 2F
1-1: Ball
2-1: Foul Ball, location: 2F
2-2: Ball
3-2: Base on Balls
Pitching: RHP John Moore
Batting: SHB Greg Ayers 0-0: Ball
1-0: Ball
2-0: Called Strike
2-1: Foul Ball, location: 2F
2-2: Strikes out swinging
Bottom of the 8th over - 0 runs, 0 hits, 0 errors, 2 left on base; Butler HS 4 - Santa Fe HS 5
TOP OF THE 9TH
Butler HS Golden Tornado batting - Pitching for Santa Fe HS Chiefs : RHP Jay Johnson
Pitching: RHP Mike Castle
Batting: RHB Luis Mota 0-0: Ball
1-0: Foul Ball, location: 2F
1-1: Ball
2-1: Ball
3-1: Base on Balls
Batting: LHB Francisco Sousa 0-0: SINGLE (Groundball, 4D)
Luis Mota to second
Runner from 2nd tries for 3rd, SAFE, no throw
Batting: RHB Blake Carpenter 0-0: Ball
1-0: DOUBLE (Flyball, 78D)
Luis Mota scores
Francisco Sousa to third
Batting: RHB Gary Estes 0-0: Foul Ball, location: 2F
0-1: Swinging Strike
0-2: Ball
1-2: Foul Ball, location: 2F
1-2: Foul Ball, location: 2F
1-2: SINGLE (Groundball, 56D)
Francisco Sousa scores
Blake Carpenter to third
Runner from 3rd tries for Home, SAFE, no throw
Pitching: LHP Brent Locke
Batting: LHB Arturo Ruíz 0-0: Called Strike
0-1: Fly out, F4 (Line Drive, 4M)
Batting: RHB Miguel Gómes 0-0: Called Strike
0-1: Ball
1-1: Foul Ball, location: 2F
1-2: Grounds into double play, 6-4-3 (Groundball, 6)
Top of the 9th over - 3 runs, 3 hits, 0 errors, 0 left on base; Butler HS 7 - Santa Fe HS 5
BOTTOM OF THE 9TH
Santa Fe HS Chiefs batting - Pitching for Butler HS Golden Tornado : RHP John Moore
Pitching: RHP Maurício Trevino
Batting: RHB George Hill 0-0: Foul Ball, location: 2F
0-1: Swinging Strike
0-2: Strikes out swinging
Batting: RHB Chris Ledoux 0-0: Ball
1-0: Swinging Strike
1-1: Foul Ball, location: 2F
1-2: SINGLE (Groundball, 4MD)
Batting: RHB Juan Bannatyne 0-0: Called Strike
0-1: Swinging Strike
0-2: Ball
1-2: Foul Ball, location: 2F
1-2: Ball
2-2: Ball
3-2: Foul Ball, location: 2F
3-2: Fly out, F8 (Line Drive, 8LD)
Batting: SHB Victor Gaines 0-0: Called Strike
0-1: Ball
1-1: Ball
2-1: Foul Ball, location: 2F
2-2: SINGLE (Line Drive, 34)
Chris Ledoux to second
Batting: RHB Anthony Scott 0-0: Ball
1-0: Called Strike
1-1: Called Strike
1-2: Strikes out swinging
Bottom of the 9th over - 0 runs, 2 hits, 0 errors, 2 left on base; Butler HS 7 - Santa Fe HS 5
Saturday, April 7th, 2018 - OOTP Baseball 18.8 Build 76